 Dungeon Crawl Stone Soup version 0.21.1-1-g345015f (webtiles) character file.

39 letownia2 the Conjurer (level 3, -11/19 HPs)
             Began as a Tengu Wizard on Mar 6, 2018.
             Killed from afar by a steam dragon (21 damage)
             ... with a ball of steam
             ... on level 3 of the Dungeon.
             The game lasted 00:03:45 (519 turns).

letownia2 the Conjurer (Tengu Wizard)                Turns: 519, Time: 00:03:46

Health: -11/19     AC:  2    Str:  7    XL:     3   Next: 47%
Magic:  8/8        EV: 12    Int: 19    God:
Gold:   40         SH:  0    Dex: 12    Spells: 7/8 levels left

rFire    . . .     SeeInvis .   e - +0 whip
rCold    . . .     Gourm    .   (no shield)
rNeg     . . .     Faith    .   a - +0 robe
rPois    .         Spirit   .   b - +0 hat
rElec    .         Reflect  .   (no cloak)
rCorr    .         Harm     .   (no gloves)
MR       .....                  (boots unavailable)
Stlth    ++........             (no amulet)
HPRegen  0.06/turn              (no ring)
MPRegen  0.11/turn              (no ring)

@: no status effects
A: beak, talons 3
a: no special abilities


You were on level 3 of the Dungeon.
You were not hungry.

You visited 1 branch of the dungeon, and saw 3 of its levels.

You collected 40 gold pieces.

Inventory:

Hand Weapons
 e - a +0 whip (weapon)
Missiles
 h - 8 javelins (quivered)
Armour
 a - a +0 robe (worn)
 b - a +0 hat (worn)
Wands
 i - a wand of polymorph (10)
Scrolls
 f - 2 scrolls of identify {unknown}
Potions
 g - a potion of curing {unknown}
Books
 c - a book of Minor Magic

   Spells                             Type                      Level
   a - Magic Dart                     Conjuration                  1
   b - Blink                          Translocation                2
   c - Call Imp                       Summoning                    2
   d - Slow                           Hexes                        2
   e - Conjure Flame                  Conjuration/Fire             3
   f - Mephitic Cloud                 Conjuration/Poison/Air       3
Comestibles
 d - 3 rations
 j - a chunk of flesh


   Skills:
 - Level 2.1 Dodging
 - Level 2.0 Stealth
 - Level 3.0 Spellcasting
 + Level 4.4 Conjurations
   Level 1.2 Summonings
   Level 0.7 Translocations


You had 7 spell levels left.
You knew the following spells:

 Your Spells              Type           Power        Failure   Level  Hunger
a - Magic Dart            Conj           ###.         2%          1    None


Dungeon Overview and Level Annotations

Branches:
Dungeon (3/15)

Altars:
Ashenzari


Innate Abilities, Weirdness & Mutations

You have a beak for a mouth.
You have claws for feet.


Message History

Unknown command.
Unknown command.
A mysterious force pulls you upwards. The hatch slams shut behind you.
Found a stone staircase leading down.
Unknown command.
There is a stone staircase leading down here.
You start resting.
Magic restored.
Unknown command.
You climb downwards.
A hobgoblin comes into view. It is wielding a club.
There is a stone staircase leading up here.
Unknown command.
Casting: Magic Dart
Confirm with . or Enter, or press ? or * to list all spells.
You don't know that spell.
The steam dragon breathes steam at you. The ball of steam hits you!
Ouch! That really hurt!
You die...

#.o...o..
#.............
..... #.....#..
.... ....#
#......#. ...#
....###
..........# ...
...... #...#.##.
.. .. ....#
#.#.#....###
#........... .
###.@........
#.....#§....g#...
.#.###..§.........
.......§..........
........o.........
.......D..........
#..............#
#####.[.†).....#
#.D.)......#


You could see a hobgoblin (wandering).

Vanquished Creatures
  An adder (D:3)
  A leopard gecko (D:2)
  3 orcs
  A giant cockroach (D:2)
  4 goblins
  2 hobgoblins (D:2)
  4 jackals (D:2)
  2 kobolds
  3 bats
  A frilled lizard (D:2)
  2 rats
24 creatures vanquished.

Notes
Turn   | Place    | Note
-------+----------+-------------------------------------------
     0 | D:1      | letownia2 the Tengu Wizard began the quest for the Orb.
     0 | D:1      | Reached XP level 1. HP: 10/10 MP: 5/5
    55 | D:1      | Found a shattered altar of Ashenzari.
   101 | D:2      | Reached skill level 2 in Conjurations
   160 | D:2      | Reached XP level 2. HP: 14/15 MP: 2/7
   232 | D:2      | Reached skill level 3 in Conjurations
   352 | D:3      | Reached skill level 4 in Conjurations
   352 | D:3      | Reached XP level 3. HP: 11/19 MP: 3/8
   497 | D:3      | Noticed a steam dragon
   497 | D:3      | an orc priest changed into a steam dragon
   519 | D:3      | Killed from afar by a steam dragon

Skill      XL: |  1  2 |
---------------+-------+-----
Conjurations   | 2 4 |  4.4
Dodging        | |  2.1
Stealth        | |  2.0
Spellcasting   | |  3.0
Summonings     | |  1.2
Translocations | |  0.7

Action                   || total
-------------------------++-------
Melee: Unarmed           ||     3
       Peck              ||     1
       Whip              ||    11
       Kick              ||     2
 Cast: Magic Dart        ||    40
Evoke: Wand              ||     1
 Stab: Sleeping          ||     1
Armor: Robe              ||     6
Dodge: Dodged            ||    13
